 Dungeon Crawl Stone Soup version 0.31-a0-182-gc5ef74bbde (webtiles) character file.

Game seed: 6171416731408681861

25270 frimble the Grappler (level 13, -12/133 HPs)
             Began as an Octopode Warper on June 21, 2023.
             Was a High Priest of Cheibriados.
             Killed by divine providence
             ... invoked by Saint Roka
              (14 damage)
             ... on level 2 of the Orcish Mines.
             The game lasted 00:29:49 (12943 turns).

frimble the Grappler (Octopode Warper)             Turns: 12943, Time: 00:29:50

Health: -12/133    AC: 30    Str: 27    XL:     13   Next: 18%
Magic:  6/22       EV:  2    Int: 35    God:    Cheibriados [*****.]
Gold:   1697       SH:  9    Dex: 34    Spells: 12/24 levels left

rFire   . .          .
                       - Unarmed
rCold   . . .        c - +0 buckler
rNeg    . . .        d - melded +2 hat
rPois   +            (no amulet)
rElec   .            i - +4 ring of protection
rCorr   +            m - ring of resist corrosion
SInv    +            n - +6 ring of dexterity
Will    .....        v - +6 ring of intelligence
Stlth   ++++         u - +5 ring of evasion
HPRegen 0.42/turn    p - ring "Giqen" {Fly rPois Dex+3 SInv}
MPRegen 0.18/turn    (no ring)
                     (no ring)

%: no passive effects
@: tree-form, very slow
A: stationary, stasis, torment immunity, boosted hp, almost no armour,
(amphibious), 8 rings, (camouflage 1), (gelatinous body 1), (nimble swimmer 1),
(tentacles)
a: Renounce Religion, Bend Time, Temporal Distortion, Slouch, Step From Time


You were on level 2 of the Orcish Mines.
You worshipped Cheibriados.
Cheibriados was extremely pleased with you.
You were a tree.
You visited 3 branches of the dungeon, and saw 13 of its levels.
You also visited: Sewer.

You collected 1984 gold pieces.
You spent 287 gold pieces at shops.

Inventory:

Missiles
 b - 11 boomerangs of dispersal
 t - 11 boomerangs
 K - 3 silver boomerangs
Armour
 c - a +0 buckler (worn)
 d - a +2 hat (melded)
Magical Staves
 H - the staff of Intimidation {rElec rF+ rC+ Stlth+ Air}
   (You found it on level 9 of the Dungeon)

   [staff of air]

   Base accuracy: +5 Base damage: 5 Base attack delay: 1.2 This weapon's minimum
   attack delay (0.6) is reached at skill level 12.
   rF:        It protects you from fire.
   rC:        It protects you from cold.
   rElec:     It insulates you from electricity.
   Air:       It increases the power of your Air spells.
   Stlth:     It makes you more stealthy.
   It falls into the 'Staves' category.
   It is a one-tentacled weapon.
Jewellery
 i - a +4 ring of protection (left branch)
 m - a ring of resist corrosion (right branch)
 n - a +6 ring of dexterity (on tentacle)
 p - the ring "Giqen" (on tentacle) {Fly rPois Dex+3 SInv}
   (You acquired it on level 8 of the Dungeon)

   [ring of see invisible]

   Dex:       It affects your dexterity (+3).
   rPois:     It protects you from poison.
   SInv:      It lets you see invisible.
   Fly:       It grants you flight.
 u - a +5 ring of evasion (on tentacle)
 v - a +6 ring of intelligence (on tentacle)
 J - a ring of protection from cold
Wands
 k - a wand of digging (4)
 w - a wand of flame (8)
 G - a wand of charming (9)
Scrolls
 a - 4 scrolls of blinking
 g - 2 scrolls of poison
 h - 5 scrolls of teleportation
 z - 2 scrolls of vulnerability
 D - 3 scrolls of enchant weapon
 I - a scroll of enchant armour {unknown}
Potions
 e - a potion of lignification
 f - 2 potions of resistance
 j - a potion of might {unknown}
 l - 2 potions of mutation
 q - a potion of ambrosia
 A - a potion of attraction
 B - 2 potions of enlightenment
 F - a potion of brilliance


   Skills:
 + Level 8.7 Fighting
 - Level 1.0 Throwing
 - Level 4.2 Dodging
 - Level 5.0 Stealth
 - Level 9.0 Shields
 - Level 11.0 Unarmed Combat
 + Level 6.0 Spellcasting
 - Level 6.0 Translocations
 + Level 3.7 Transmutations
 + Level 3.8 Fire Magic
 - Level 5.0 Ice Magic
 + Level 8.1 Poison Magic
 + Level 5.2 Invocations
 + Level 5.2 Evocations


You had 12 spell levels left.
You knew the following spells:

 Your Spells              Type           Power      Damage    Failure   Level
a - Blink                 Tloc           100%       N/A       1%          2
b - Olgreb's Toxic Radia  Pois           61%        N/A       1%          4
c - Ozocubu's Armour      Ice            45%        N/A       1%          3
d - Ignite Poison         Fire/Tmut/Pois 47%        N/A       1%          3

Your spell library contained the following spells:

 Spells                   Type           Power      Damage    Failure   Level
 Sting                    Tmut/Pois      100%       1d8       1%          1
 Cigotuvi's Dreadful Rot  Necr/Pois/Air  58%        N/A       1%          2
 Lesser Beckoning         Tloc           100%       N/A       1%          2
 Poisonous Vapours        Pois/Air       78%        N/A       1%          2
 Spider Form              Tmut/Pois      51%        N/A       1%          3
 Teleport Other           Tloc           51%        N/A       1%          3
 Ensorcelled Hibernation  Hex/Ice        56%        N/A       2%          2
 Vhi's Electric Charge    Tloc/Air       62%        N/A       3%          3
 Manifold Assault         Tloc           51%        N/A       3%          4
 Anguish                  Hex/Necr       5%         N/A       38%         4
 Freezing Cloud           Conj/Ice/Air   11%        6-21      50%         5
 Ozocubu's Refrigeration  Ice            22%        4d12      99%         7


Dungeon Overview and Level Annotations

Branches:
Dungeon (10/15)            Temple (1/1) D:7            Lair (0/5) D:9
    Orc (2/2) D:10          Sewer (visited)
    Elf: Orc:2

Altars:
Ashenzari
Cheibriados
Dithmenos
Elyvilon
Fedhas
Gozag
Hepliaklqana
Kikubaaqudgha
Makhleb
Nemelex Xobeh
Okawaru
Qazlal
Ru
Sif Muna
Trog
Uskayaw
Vehumet
Wu Jian
Xom
Yredelemnul
Zin
The Shining One

Shops:
D:4 *   Orc:2 *

Annotations:
Orc:2 Saint Roka


Innate Abilities, Weirdness & Mutations

You are a tree.
Your roots penetrate the ground, keeping you stationary.
You cannot be teleported.
You are immune to unholy pain and torment.
Your maximum health is greatly increased.
You cannot wear most types of armour.
((You are amphibious.))
You can wear up to eight rings at the same time.
((Your skin changes colour to match your surroundings (Stealth+).))
((Your rubbery body absorbs attacks. (AC +1, EV +1)))
((You are camouflaged when in or above water. (Stealth+)))
((You have tentacles for arms and can constrict up to eight enemies at once.))


Message History

Aiming: Throw Flame
Press: ? - help, Shift-Dir - straight line, f - Saint Roka
Aim: Saint Roka, wielding a +3 long sword and wearing a +4 plate armour of poison resistance (severely wounded, inner flame, 84% to hit)
The puff of flame hits Saint Roka but does no damage.
Saint Roka is severely wounded.
Saint Roka calls down the wrath of Beogh upon you.
Beogh smites you!
* * * LOW HITPOINT WARNING * * *
You feel much better.
Saint Roka's inner flame fades away.
Casting: Blink (safe; 1% risk of failure)
Confirm with . or Enter, or press ? or * to list all spells.
You blink.
Saint Roka invokes the aid of Beogh against you.
Beogh smites you!
* * * LOW HITPOINT WARNING * * *
Okay, then.
Unknown command.
Okay, then.
Unknown command.
Really quaff the potion of lignification?
You turn into a tree.
Your +2 hat melds into your body.
Your roots penetrate the ground.
Saint Roka mumbles some strange prayers to Beogh against you.
Beogh smites you!
* * * LOW HITPOINT WARNING * * *
Saint Roka mumbles some strange prayers to Beogh against you.
Beogh smites you!
* * * LOW HITPOINT WARNING * * *
Okay, then.
Unknown command.
Okay, then.
Okay, then.
Unknown command.
You smack Saint Roka!
Saint Roka is almost dead.
You hit Saint Roka.
Saint Roka is almost dead.
Saint Roka invokes the aid of Beogh against you.
Beogh smites you!
You die...

..<...)......##...#..##.#o .
..#...............[.....). ..
.......#..........[..)... ...
).#.#.#...#........)...)) ..o.
[)........#.#...##.#.)..##...._
<[[..............####.[..).....
.).)[.............#####.##
)..).##..........#.#.#(.)#
).....#[........♣o.......#
..#..............†.).....#
[.......................##
.........................##
.................(........#
...................#..##.##
...#.......#...........###
...#....#.....(..#.∩.###
#.#....##............######


You could see Saint Roka.

Vanquished Creatures
  2 orc warlords
  2 two-headed ogres (D:9)
  4 orc high priests (Orc:2)
  Amaemon (D:10)
  A wizard (D:9)
  Pikel (D:7)
  A deep elf pyromancer (D:10)
  A deep elf archer (D:9)
  5 orc sorcerers
  An orange demon (D:10)
  Psyche (D:8)
  5 trolls
  A meliai (D:9)
  Prince Ribbit (D:7)
  A hornet (D:9)
  A raiju (shapeshifter) (D:9)
  3 wyverns
  24 yaks
  2 steam dragons (D:9)
  Eustachio (D:6)
  2 acid dragons (D:9)
  5 wargs
  A water moccasin (D:9)
  Duvessa (D:5)
  A sky beast (D:8)
  22 orc warriors
  An ice beast (D:7)
  2 black bears (D:6)
  10 ogres
  3 centaurs
  A lemure (D:7)
  7 kobold brigands
  2 bullfrogs
  5 gnoll sergeants (D:10)
  2 scorpions
  5 wights
  Dowan (D:5)
  11 killer bees
  A howler monkey (D:9)
  An electric eel (D:8)
  27 orc priests
  2 hounds
  An iguana (D:5)
  Ijyb (D:3)
  Natasha (twice) (D:2)
  Terence (D:2)
  19 orc wizards
  10 gnolls
  3 river rats (Sewer)
  14 adders
  3 shadow imps
  3 white imps
  9 worms
  2 dart slugs
  59 orcs
  10 ball pythons
  7 bats
  8 endoplasms
  4 giant cockroaches
  2 goblins
  5 hobgoblins
  4 quokkas
  A frilled lizard (D:2)
  17 kobolds
  10 rats
367 creatures vanquished.

Notes
Turn   | Place    | Note
-------+----------+-------------------------------------------
     0 | D:1      | frimble the Octopode Warper began the quest for the Orb.
     0 | D:1      | Reached XP level 1. HP: 14/14 MP: 3/3
   151 | D:1      | Reached XP level 2. HP: 8/19 MP: 5/5
   214 | D:1      | Learned a level 2 spell: Blink
   329 | D:1      | Reached skill level 3 in Unarmed Combat
   492 | D:1      | Reached XP level 3. HP: 24/24 MP: 6/6
   988 | D:2      | Reached skill level 4 in Unarmed Combat
   988 | D:2      | Reached XP level 4. HP: 29/29 MP: 7/7
  1366 | D:2      | Noticed Terence
  1434 | D:3      | Noticed Ijyb
  1451 | D:3      | Killed Ijyb
  1669 | D:3      | Reached XP level 5. HP: 32/34 MP: 8/8
  1775 | D:3      | Reached skill level 5 in Unarmed Combat
  2229 | D:3      | Learned a level 4 spell: Olgreb's Toxic Radiance
  2274 | D:2      | Noticed Natasha
  2282 | D:2      | Killed Natasha
  2476 | D:2      | Noticed Natasha
  2484 | D:2      | Killed Natasha
  2525 | D:2      | Killed Terence
  2526 | D:2      | Reached skill level 6 in Unarmed Combat
  2526 | D:2      | Reached XP level 6. HP: 30/39 MP: 9/9
  2720 | D:4      | Reached skill level 1 in Stealth
  2790 | D:4      | Reached skill level 1 in Poison Magic
  2818 | D:4      | Found Muffaz's Mayhem Merchandise.
  3078 | D:4      | Reached XP level 7. HP: 42/45 MP: 10/10
  3158 | D:5      | Entered Level 5 of the Dungeon
  3223 | D:5      | Noticed Dowan
  3509 | D:5      | Found a broken altar of Ashenzari.
  3522 | D:5      | Found a basalt altar of Yredelemnul.
  3776 | D:5      | Found a glowing drain.
  3789 | Sewer    | Entered a sewer
  4353 | Sewer    | Reached XP level 8. HP: 33/54 MP: 8/11
  4697 | Sewer    | Reached skill level 10 in Unarmed Combat
  4697 | Sewer    | Reached XP level 9. HP: 64/64 MP: 12/12
  5227 | D:5      | Noticed Duvessa
  5236 | D:5      | Killed Dowan
  5237 | D:5      | Reached skill level 5 in Stealth
  5242 | D:5      | Killed Duvessa
  5793 | D:6      | Found a stormy altar of Qazlal.
  5839 | D:6      | Noticed Eustachio
  5854 | D:6      | Killed Eustachio
  6156 | D:6      | Reached skill level 5 in Poison Magic
  6198 | D:6      | Learned a level 3 spell: Ozocubu's Armour
  6200 | D:6      | Found a shimmering altar of Xom.
  6243 | D:6      | Found a blossoming altar of Fedhas.
  6636 | D:7      | Noticed Pikel
  6651 | D:7      | Killed Pikel
  6678 | D:7      | Noticed Prince Ribbit
  6690 | D:7      | Killed Prince Ribbit
  6691 | D:7      | Reached XP level 10. HP: 71/71 MP: 7/15
  6980 | D:7      | Identified the +1 scale mail of Fortification {Will+
                  | Slay+2}
  7070 | D:7      | Found a staircase to the Ecumenical Temple.
  7164 | D:7      | Identified a scroll of acquirement
  7164 | D:7      | Acquired 814 gold pieces
  7219 | Temple   | Entered the Ecumenical Temple
  7281 | Temple   | Became a worshipper of Cheibriados the Contemplative
  7413 | D:8      | Acquired the ring "Giqen" {Fly rPois Dex+3 SInv}
  7539 | D:8      | Noticed Psyche
  7549 | D:8      | Killed Psyche
  7556 | D:8      | Found a burning altar of Makhleb.
  7565 | D:8      | Reached skill level 1 in Ice Magic
  7565 | D:8      | Found a bloodstained altar of Trog.
  7830 | D:8      | Found an ornate altar of the Wu Jian Council.
  8080 | D:8      | Reached * piety under Cheibriados
  8296 | D:9      | Noticed a deep elf archer
  8319 | D:9      | Killed a deep elf archer
  8444 | D:9      | Found a staircase to the Lair.
  9070 | D:9      | Reached ** piety under Cheibriados
  9189 | D:9      | Noticed a tengu warrior
  9193 | D:9      | Identified the +5 scale mail of Oreda {rElec Int+4 Stlth+}
  9432 | D:9      | Noticed a two-headed ogre
  9438 | D:9      | Reached XP level 11. HP: 67/76 MP: 9/17
  9443 | D:9      | Killed a two-headed ogre
  9464 | D:9      | Reached skill level 1 in Invocations
  9464 | D:9      | Reached skill level 1 in Evocations
  9586 | D:9      | Noticed a tengu warrior
  9647 | D:9      | Noticed a wizard
  9658 | D:9      | Killed a wizard
  9797 | D:9      | Identified the staff of Intimidation {rElec rF+ rC+ Stlth+
                  | Air}
  9857 | D:9      | Reached skill level 5 in Spellcasting
  9873 | D:9      | Reached skill level 11 in Unarmed Combat
 10068 | D:9      | Noticed a two-headed ogre
 10079 | D:9      | Killed a two-headed ogre
 10256 | D:9      | Reached *** piety under Cheibriados
 10270 | D:9      | Learned a level 3 spell: Ignite Poison
 10336 | D:10     | Entered Level 10 of the Dungeon
 10722 | D:10     | Reached skill level 1 in Transmutations
 10722 | D:10     | Reached skill level 1 in Fire Magic
 10730 | D:10     | Noticed Amaemon
 10738 | D:10     | Killed Amaemon
 10739 | D:10     | Reached XP level 12. HP: 76/82 MP: 4/19
 10992 | D:10     | Reached **** piety under Cheibriados
 11011 | D:10     | Found a staircase to the Orcish Mines.
 11195 | D:10     | Found a sacrificial altar of Ru.
 11411 | Orc:1    | Entered Level 1 of the Orcish Mines
 11559 | Orc:2    | Entered Level 2 of the Orcish Mines
 11607 | Orc:2    | Reached skill level 5 in Translocations
 11610 | Orc:2    | Noticed Saint Roka
 11641 | Orc:1    | Noticed an orc warlord
 11644 | Orc:1    | Reached ***** piety under Cheibriados
 11646 | Orc:1    | Reached skill level 5 in Ice Magic
 11651 | Orc:1    | Killed an orc warlord
 11706 | Orc:2    | Noticed an orc warlord
 11729 | Orc:2    | Killed an orc warlord
 11755 | Orc:2    | Noticed an orc high priest
 12249 | Orc:2    | Noticed a sun demon
 12326 | Orc:2    | Noticed an orc high priest
 12360 | Orc:2    | Killed an orc high priest
 12361 | Orc:2    | Reached skill level 5 in Evocations
 12361 | Orc:2    | Reached XP level 13. HP: 86/89 MP: 6/21
 12451 | Orc:2    | Reached skill level 5 in Invocations
 12854 | Orc:2    | Found Ythu's General Store.
 12862 | Orc:2    | Bought a scroll of teleportation for 42 gold pieces
 12862 | Orc:2    | Bought a scroll of teleportation for 42 gold pieces
 12862 | Orc:2    | Bought a scroll of teleportation for 42 gold pieces
 12862 | Orc:2    | Bought a scroll of blinking for 105 gold pieces
 12862 | Orc:2    | Bought a scroll of poison for 56 gold pieces
 12936 | Orc:2    | HP: 4/89 [Saint Roka/divine providence (10)]
 12940 | Orc:2    | HP: 1/133 [Saint Roka/divine providence (13)]
 12943 | Orc:2    | Killed from afar by Saint Roka

Illustrated notes

Levels and vault maps discovered:
D:1:      nagdon_arrival_zigzag_paths, layout_basic
D:2:      mumra_celtic_spiral_tile, layout_basic, minmay_cupped, uniq_natasha,
          uniq_terence
D:3:      layout_basic, st_stairs_9, uniq_ijyb
D:4:      layout_gridville, minmay_shop_mayhem, minivault_23
D:5:      nicolae_cairo_tiling_very_big, layout_loops_corners, minitemple,
          portal_sewer_entry_d, uniq_duvessa
D:6:      layout_basic, nicolae_qazlal_eye_of_the_storm,
          mainiacjoe_overflow_swirl, minmay_misc_feat_encased,
          hellmonk_bongcloud_opening, uniq_eustachio
D:7:      layout_loops_ring, temple_statues, uniq_prince_ribbit1, uniq_pikel
D:8:      layout_basic, chequers_temple_overflow_statue_of_worship,
          nicolae_wu_jian_immortal_techniques, minmay_crystal_water,
          kennysheep_generic_room_13, uniq_psyche
D:9:      minmay_the_grid_net [minmay_the_grid_expand, minmay_the_grid_eight,
          minmay_the_grid_mess, minmay_the_grid_box_x, minmay_the_grid_tree,
          minmay_the_grid_prize_trominoes], layout_stronghold, lair_entry_dummy
D:10:     layout_irregular_city, nicolae_ru_awakened_eye,
          kennysheep_orc_monster_closet_entryway, kennysheep_generic_room_11,
          uniq_amaemon
Temple:   nicolae_temple_god_jail
Orc:1:    layout_caves
Orc:2:    st_orc_mages, layout_caves, basic_altar, serial_shops,
          nicolae_shop_stone, nicolae_orc_rockfall, uniq_saint_roka

Skill      XL: |  1  2  3  4  5  6  7  8  9 10 11 12 13 |
---------------+----------------------------------------+-----
Unarmed Combat | 3 4 6 10 11 | 11.0
Stealth        | 2 4 5 |  5.0
Poison Magic   | 2 3 5 7 8 |  8.1
Dodging        | 3 4 |  4.2
Fighting       | 3 7 8 |  8.7
Shields        | 6 7 8 9 |  9.0
Spellcasting   | 3 4 5 6 |  6.0
Ice Magic      | 3 4 5 |  5.0
Invocations    | 3 4 5 |  5.2
Evocations     | 3 5 |  5.2
Translocations | 4 5 6 |  6.0
Transmutations | 1 3 |  3.7
Fire Magic     | 1 3 |  3.8
Throwing       | |  1.0

Action                     |  1- 3 |  4- 6 |  7- 9 | 10-12 | 13-15 || total
---------------------------+-------+-------+-------+-------+-------++-------
  Melee: Unarmed           |    78 |   125 |   157 |   288 |    31 ||   679
         Constrict         |    19 |    28 |    40 |    43 |     7 ||   137
         Tentacles         |    15 |    28 |    34 |    93 |     8 ||   178
         Punch             |     1 |     8 |     6 |    26 |     2 ||    43
  Throw: Boomerang         |       |     5 |    16 |       |       ||    21
         Dart              |       |       |     2 |       |     3 ||     5
   Cast: Blink             |       |     2 |     2 |     8 |     6 ||    18
         Olgreb's Toxic Ra |       |       |     7 |    58 |    14 ||    79
         Ozocubu's Armour  |       |       |       |     3 |       ||     3
         Ignite Poison     |       |       |       |     7 |     2 ||     9
 Invoke: Slouch            |       |       |       |     1 |     1 ||     2
  Evoke: Wand              |       |       |       |     3 |     8 ||    11
    Use: Scroll            |     2 |     3 |     4 |    20 |     1 ||    30
         Potion            |       |       |     1 |     1 |     6 ||     8
   Stab: Sleeping          |     7 |    14 |    14 |     4 |       ||    39
 Armour: Skin              |     2 |    26 |    25 |    28 |     2 ||    83
  Dodge: Dodged            |    41 |    51 |    58 |   198 |    13 ||   361
  Block: Buckler           |       |       |    13 |   103 |     5 ||   121

Table legend: (Time is in decaauts)
 A = Elapsed time spent in this place.
 B = Non-inter-level travel time spent in this place.
 C = Inter-level travel time spent in this place.
 D = Time resting spent in this place.
 E = Time spent auto-exploring this place.
 F = Levels seen in this place.
 G = Mean time per level.
                   A        B        C        D        E       F      G
               +--------+--------+--------+--------+--------+-----+--------+
         Total |  14267 |  13708 |    559 |    290 |  10853 |  14 | 1019.1 |
       Dungeon |  11339 |  10905 |    434 |    137 |   8961 |  10 | 1133.9 |
        Temple |     78 |     40 |     38 |      0 |     29 |   1 |   78.0 |
  Orcish Mines |   1912 |   1827 |     85 |    121 |   1197 |   2 |  956.0 |
         Sewer |    936 |    936 |      0 |     32 |    665 |   1 |  936.0 |
               +--------+--------+--------+--------+--------+-----+--------+

Top non-repeatable levels by time:
     D:9: 2493 daAuts
    D:10: 1470 daAuts
     D:5: 1409 daAuts
   Orc:1: 1171 daAuts
     D:8: 1096 daAuts
     D:2: 1016 daAuts
     D:6: 964 daAuts
   Sewer: 936 daAuts
     D:3: 845 daAuts
     D:7: 766 daAuts
   Orc:2: 741 daAuts
     D:1: 711 daAuts
     D:4: 567 daAuts
  Temple: 78 daAuts
